[Event "FIDE WCCC Open-10 2024"]
[Site "Montesilvano"]
[Date "2024.11.18"]
[Round "2.12"]
[White "Youn, Laeho"]
[Black "Kazimzade, Mahammad"]
[Result "0-1"]
[ECO "C56"]
[WhiteElo "1520"]
[BlackElo "1687"]
[PlyCount "72"]
[EventDate "2024.11.18"]
[EventType "swiss"]
[EventCountry "ITA"]
[TimeControl "5400+30"]

1. e4 e5 2. Nf3 Nc6 3. d4 exd4 4. Bc4 Nf6 5. e5 d5 6. Bb5 Ne4 7. Nxd4 Bd7 8. Bxc6 bxc6 9. O-O Bc5 10. f3 Ng5 11. f4 Ne4 12. Be3 Bb6 13. Nd2 Nxd2 14. Qxd2 c5 15. Nf3 d4 16. Bf2 Bc6 17. Bh4 Qd7 18. Rae1 O-O 19. c4 Qg4 20. Bg3 Rae8 21. Qd3 Ba5 22. Ng5 Qh5 23. Re2 Bd7 24. e6 fxe6 25. Re5 Rf5 26. Ne4 Bc6 27. Nxc5 Rxe5 28. fxe5 Bb6 29. Nb3 a5 30. c5 a4 31. cxb6 axb3 32. Qxb3 Qe2 33. Bf2 Bd5 34. Qa4 Rf8 35. bxc7 Qe4 36. g4 Qh1# 0-1

[Event "FIDE WCCC Open-10 2024"]
[Site "Montesilvano"]
[Date "2024.11.18"]
[Round "2.13"]
[White "Ten Dam, Bram"]
[Black "Neuschild, Marius"]
[Result "1-0"]
[ECO "C54"]
[WhiteElo "2012"]
[BlackElo "1786"]
[PlyCount "107"]
[EventDate "2024.11.18"]
[EventType "swiss"]
[EventCountry "ITA"]
[TimeControl "5400+30"]

1. e4 e5 2. Nf3 Nc6 3. Bc4 Bc5 4. c3 Nf6 5. d3 d6 6. a4 a6 7. O-O Ba7 8. b4 h6 9. Re1 O-O 10. h3 g5 11. Be3 Bxe3 12. Rxe3 g4 13. Nh2 gxh3 14. g3 Kh7 15. Nd2 d5 16. exd5 Nxd5 17. Re1 f6 18. Rc1 Nb6 19. Bb3 Bf5 20. a5 Nc8 21. Qh5 N8e7 22. Rcd1 Qe8 23. Qf3 Qg6 24. Ndf1 Rad8 25. Bc4 Rd6 26. d4 e4 27. Qe2 Nd5 28. Bxd5 Rxd5 29. Ne3 Rdd8 30. Nxf5 Qxf5 31. Qxe4 Qxe4 32. Rxe4 Rfe8 33. Rde1 Rxe4 34. Rxe4 Kg6 35. Nf3 h5 36. Kh2 Rd7 37. Kxh3 Re7 38. Nh4+ Kf7 39. f3 Rxe4 40. fxe4 b6 41. d5 Ne5 42. b5 bxa5 43. bxa6 Nc4 44. a7 Nb6 45. Nf5 a4 46. c4 a3 47. Nd4 a2 48. Nb3 Na8 49. Kh4 Kg6 50. c5 f5 51. e5 c6 52. d6 Kf7 53. Kxh5 Ke6 54. Kg6 1-0

[Event "FIDE WCCC Open-10 2024"]
[Site "Montesilvano"]
[Date "2024.11.18"]
[Round "2.13"]
[White "Yao, Lucas Mason Pin Qian"]
[Black "Dien James"]
[Result "1-0"]
[ECO "B01"]
[WhiteElo "1687"]
[BlackElo "1513"]
[PlyCount "73"]
[EventDate "2024.11.18"]
[EventType "swiss"]
[EventCountry "ITA"]
[TimeControl "5400+30"]

1. e4 d5 2. exd5 Qxd5 3. Nc3 Qd8 4. d4 c5 5. dxc5 Qxd1+ 6. Kxd1 e5 7. Bb5+ Bd7 8. Be3 Nf6 9. f3 Nc6 10. Nge2 O-O-O 11. Kc1 Nb4 12. Bxd7+ Rxd7 13. a3 Nbd5 14. Bf2 Rc7 15. Nb5 Rxc5 16. Nxa7+ Kb8 17. Bxc5 Bxc5 18. Nb5 e4 19. fxe4 Nxe4 20. Nec3 Be3+ 21. Kb1 Nexc3+ 22. Nxc3 Nxc3+ 23. bxc3 Rc8 24. Rd1 Rxc3 25. Rd3 Rxd3 26. cxd3 Kc7 27. Kc2 Kc6 28. Re1 Bc5 29. a4 Kb6 30. Kb3 Kc6 31. Kc4 Kd6 32. d4 Bb6 33. Rb1 Kc6 34. d5+ Kc7 35. d6+ Kc6 36. Rxb6+ Kxb6 37. Kd5 1-0

[Event "FIDE WCCC Open-10 2024"]
[Site "Montesilvano"]
[Date "2024.11.18"]
[Round "2.14"]
[White "Todmunkh, Turbat"]
[Black "Bolashakov, Nurali"]
[Result "0-1"]
[ECO "B22"]
[WhiteElo "1773"]
[BlackElo "2005"]
[PlyCount "110"]
[EventDate "2024.11.18"]
[EventType "swiss"]
[EventCountry "ITA"]
[TimeControl "5400+30"]

1. e4 c5 2. c3 d5 3. exd5 Qxd5 4. d4 Nf6 5. Nf3 Nc6 6. dxc5 Qxd1+ 7. Kxd1 Bg4 8. Kc2 e5 9. b4 O-O-O 10. Bb5 Bf5+ 11. Kb2 Ng4 12. Be3 Ne7 13. Bc4 Nd5 14. Bxd5 Rxd5 15. h3 Nxe3 16. fxe3 f6 17. Re1 Be6 18. e4 Rd7 19. Nbd2 g6 20. Nb3 Bh6 21. Rad1 Rhd8 22. Rxd7 Rxd7 23. Kc2 Bf4 24. c6 bxc6 25. Nc5 Rd6 26. Nxe6 Rxe6 27. g4 Kc7 28. Rd1 Re8 29. a4 Rh8 30. Rg1 h5 31. gxh5 g5 32. h4 Rxh5 33. hxg5 fxg5 34. Kb3 Kd6 35. Kc4 Ke6 36. b5 cxb5+ 37. Kxb5 Kf6 38. c4 Rh3 39. Ne1 Rb3+ 40. Kc6 Ke6 41. c5 Rc3 42. Rh1 g4 43. Kb5 Rc1 44. Rg1 Rxc5+ 45. Kxc5 Be3+ 46. Kc6 Bxg1 47. a5 Kf6 48. Kd5 Bd4 49. a6 g3 50. Ng2 Kg5 51. Ke6 Kg4 52. Ne1 Kh3 53. Kf5 g2 54. Nf3 Kg3 55. Nxd4 exd4 0-1

[Event "FIDE WCCC Open-10 2024"]
[Site "Montesilvano"]
[Date "2024.11.18"]
[Round "2.14"]
[White "Kaloh, Edvard"]
[Black "Friscic, Jakov"]
[Result "0-1"]
[ECO "B13"]
[WhiteElo "1506"]
[BlackElo "1685"]
[PlyCount "92"]
[EventDate "2024.11.18"]
[EventType "swiss"]
[EventCountry "ITA"]
[TimeControl "5400+30"]

1. e4 c6 2. d4 d5 3. exd5 cxd5 4. Bd3 Nc6 5. c3 Qc7 6. h3 Nf6 7. Nf3 g6 8. Be3 Bf5 9. Bxf5 gxf5 10. Qd2 Ne4 11. Qc1 e6 12. Nbd2 Nxc3 13. bxc3 f4 14. Nb3 fxe3 15. Qxe3 Bd6 16. Qh6 O-O-O 17. O-O Ne7 18. Ng5 Nf5 19. Qh5 Rdf8 20. Qe2 Qe7 21. Nf3 Rfg8 22. c4 Nh4 23. cxd5 Nxg2 24. Rac1+ Kb8 25. Kh1 Nf4 26. Qb5 Nxd5 27. Na5 Nb6 28. Ne5 Rc8 29. Rb1 Qh4 30. Nd7+ Ka8 31. Nxb6+ axb6 32. Rb3 Qf4 33. Rg3 Qxd4 34. Nb3 Qd5+ 35. Qxd5 exd5 36. Rd3 Rc2 37. Rxd5 Bc5 38. Nxc5 bxc5 39. a4 Rc8 40. Rd7 c4 41. Rxf7 c3 42. Re7 Rd2 43. Rc1 c2 44. Ree1 Rcd8 45. Kg2 Rd1 46. Kf1 Rxc1 0-1

[Event "FIDE WCCC Open-10 2024"]
[Site "Montesilvano"]
[Date "2024.11.18"]
[Round "2.15"]
[White "Ivanovic, Leonid"]
[Black "Montaigu Dupont, Arthur"]
[Result "1-0"]
[ECO "D85"]
[WhiteElo "1990"]
[BlackElo "1767"]
[PlyCount "67"]
[EventDate "2024.11.18"]
[EventType "swiss"]
[EventCountry "ITA"]
[TimeControl "5400+30"]

1. d4 Nf6 2. c4 g6 3. Nc3 d5 4. cxd5 Nxd5 5. Bd2 Bg7 6. e4 Nxc3 7. Bxc3 c5 8. d5 O-O 9. Bxg7 Kxg7 10. Qd2 Qb6 11. h4 h5 12. Ne2 Rd8 13. Nf4 Nc6 14. O-O-O Nd4 15. Ne2 Nb5 16. f3 e6 17. a4 Nd6 18. Qc3+ Kg8 19. e5 Ne8 20. d6 Bd7 21. a5 Qc6 22. g4 Ng7 23. Ng3 Qa4 24. Ne4 b6 25. Bd3 c4 26. Bb1 Rac8 27. Nf6+ Kf8 28. gxh5 Qxa5 29. h6 Ne8 30. h5 Nxf6 31. exf6 Qg5+ 32. Qd2 Qxf6 33. h7 c3 34. Qh6+ 1-0

[Event "FIDE WCCC Open-10 2024"]
[Site "Montesilvano"]
[Date "2024.11.18"]
[Round "2.15"]
[White "Makhsatuly, Rakhim"]
[Black "Chen, Pin-Jui"]
[Result "1-0"]
[ECO "C54"]
[WhiteElo "1683"]
[BlackElo "1505"]
[PlyCount "45"]
[EventDate "2024.11.18"]
[EventType "swiss"]
[EventCountry "ITA"]
[TimeControl "5400+30"]

1. e4 e5 2. Nf3 Nc6 3. Bc4 Bc5 4. O-O Nf6 5. d3 d6 6. c3 a6 7. a4 Ba7 8. Nbd2 O-O 9. h3 Be6 10. Re1 Qd7 11. Bxe6 fxe6 12. Nf1 Nh5 13. d4 Qf7 14. Be3 exd4 15. cxd4 Nf4 16. Kh2 Qg6 17. Ng3 Rad8 18. d5 exd5 19. exd5 Nb4 20. Bxa7 b6 21. a5 Nbxd5 22. axb6 cxb6 23. Qd4 1-0

[Event "FIDE WCCC Open-10 2024"]
[Site "Montesilvano"]
[Date "2024.11.18"]
[Round "2.16"]
[White "Anetov, Amirzhan"]
[Black "Chen, Chicheng Leon"]
[Result "1-0"]
[ECO "B90"]
[WhiteElo "1767"]
[BlackElo "1987"]
[PlyCount "61"]
[EventDate "2024.11.18"]
[EventType "swiss"]
[EventCountry "ITA"]
[TimeControl "5400+30"]

1. e4 c5 2. Nf3 d6 3. d4 cxd4 4. Nxd4 Nf6 5. Nc3 a6 6. h3 e5 7. Nde2 h5 8. Bg5 Be7 9. Ng3 h4 10. Nf5 Bxf5 11. exf5 Nbd7 12. Be2 d5 13. O-O d4 14. Nb1 Nd5 15. Bxe7 Nxe7 16. Bd3 Nf6 17. Re1 Qc7 18. Qe2 Nc6 19. f4 Nd7 20. fxe5 Ndxe5 21. f6 gxf6 22. Qg4 Rd8 23. Nd2 Kf8 24. Qf4 Qd6 25. Ne4 Nxd3 26. Qf1 Qf4 27. Qxd3 f5 28. Nc5 b6 29. Qxa6 Rg8 30. Nd3 Qf3 31. Qa3+ 1-0

[Event "FIDE WCCC Open-10 2024"]
[Site "Montesilvano"]
[Date "2024.11.18"]
[Round "2.16"]
[White "Osmolovskii, Nikita"]
[Black "Aghoyan, Gevorg"]
[Result "0-1"]
[ECO "B12"]
[WhiteElo "1468"]
[BlackElo "1682"]
[PlyCount "42"]
[EventDate "2024.11.18"]
[EventType "swiss"]
[EventCountry "ITA"]
[TimeControl "5400+30"]

1. e4 c6 2. d4 d5 3. f3 dxe4 4. fxe4 e5 5. Nf3 Bg4 6. c3 Nd7 7. Be3 Ngf6 8. Bd3 Bd6 9. Nbd2 O-O 10. Qc2 b5 11. Bg5 Re8 12. Be2 Qc7 13. dxe5 Bxe5 14. Nxe5 Qxe5 15. Bxf6 Nxf6 16. Bxg4 Nxg4 17. h3 Qg3+ 18. Kd1 Ne3+ 19. Kc1 Nxc2 20. Kxc2 Rad8 21. Rhg1 Qd3+ 0-1

[Event "FIDE WCCC Open-10 2024"]
[Site "Montesilvano"]
[Date "2024.11.18"]
[Round "2.17"]
[White "Advik Amit Agrawal"]
[Black "Katta, Sriansh"]
[Result "1-0"]
[ECO "B31"]
[WhiteElo "1982"]
[BlackElo "1766"]
[PlyCount "145"]
[EventDate "2024.11.18"]
[EventType "swiss"]
[EventCountry "ITA"]
[TimeControl "5400+30"]

1. e4 c5 2. Nf3 Nc6 3. Bb5 g6 4. O-O Bg7 5. Bxc6 dxc6 6. d3 Nf6 7. Re1 Nd7 8. e5 O-O 9. Nc3 b6 10. Bf4 h6 11. Qd2 Kh7 12. h4 Nb8 13. Ne4 Bf5 14. Ng3 Bg4 15. Qe3 Na6 16. Nh2 Be6 17. Ne4 Nb4 18. Qe2 Nd5 19. Bg3 Qd7 20. a3 a5 21. Rad1 Rad8 22. h5 Qc8 23. f4 Bf5 24. Qf3 Qd7 25. Bf2 gxh5 26. c4 Bg4 27. Nxg4 hxg4 28. Qg3 Nc7 29. Qh4 f6 30. exf6 exf6 31. Ng3 f5 32. Re7 Qd6 33. Nh5 Rd7 34. Rde1 Rf7 35. R7e5 Qxd3 36. Nxg7 Kxg7 37. Qh5 Rd6 38. b3 g3 39. Be3 Rg6 40. Bc1 Qd4+ 41. Kh1 Qd7 42. Bb2 Kh7 43. Qe2 Qd8 44. Re7 Qf8 45. Qe5 Rgg7 46. Qxg7+ Qxg7 47. Bxg7 Kxg7 48. R7e3 Kf6 49. Rxg3 Ne6 50. Rh3 Nxf4 51. Rxh6+ Ng6 52. Rd1 Kg5 53. Rh3 Nf4 54. Rg3+ Kf6 55. Re3 Rh7+ 56. Kg1 Rc7 57. Rd6+ Kg5 58. g3 Nh5 59. Kg2 Nf6 60. Ree6 Ng4 61. Rxc6 Rd7 62. Rcd6 Rh7 63. Rg6+ Kh5 64. Rxb6 Rd7 65. Rgd6 Re7 66. Re6 Rd7 67. Rbd6 Rb7 68. Rd3 a4 69. bxa4 Rb2+ 70. Kf1 Rf2+ 71. Ke1 Rc2 72. a5 Rxc4 73. a6 1-0

[Event "FIDE WCCC Open-10 2024"]
[Site "Montesilvano"]
[Date "2024.11.18"]
[Round "2.17"]
[White "Megagiannis, Maximos"]
[Black "Park, Jaeik B"]
[Result "1-0"]
[ECO "B43"]
[WhiteElo "1682"]
[BlackElo "1872"]
[PlyCount "59"]
[EventDate "2024.11.18"]
[EventType "swiss"]
[EventCountry "ITA"]
[TimeControl "5400+30"]

1. e4 c5 2. Nf3 e6 3. d4 cxd4 4. Nxd4 Nc6 5. Nc3 Qc7 6. Nb3 a6 7. Bd3 Nf6 8. f4 Bb4 9. O-O d6 10. Qf3 Bd7 11. Be3 O-O 12. Qh3 e5 13. f5 Bxc3 14. bxc3 d5 15. exd5 Nxd5 16. Bg5 Rae8 17. Qh4 Nce7 18. Rf3 Qb6+ 19. Kh1 h6 20. f6 Ng6 21. Bxg6 fxg6 22. fxg7 Rxf3 23. Qxh6 Rh3 24. gxh3 Nf6 25. Be3 Bc6+ 26. Kg1 Qb5 27. Bc5 Nh7 28. Qxg6 b6 29. Rf1 bxc5 30. Qf7# 1-0

[Event "FIDE WCCC Open-10 2024"]
[Site "Montesilvano"]
[Date "2024.11.18"]
[Round "2.18"]
[White "Fattori Dittmar, Luca"]
[Black "Anand, Tsogtbileg"]
[Result "0-1"]
[ECO "B92"]
[WhiteElo "1766"]
[BlackElo "1974"]
[PlyCount "50"]
[EventDate "2024.11.18"]
[EventType "swiss"]
[EventCountry "ITA"]
[TimeControl "5400+30"]

1. e4 c5 2. Nf3 d6 3. d4 cxd4 4. Nxd4 Nf6 5. Nc3 a6 6. Be3 e5 7. Nb3 Be6 8. Be2 Be7 9. O-O Nbd7 10. f3 Rc8 11. Qd2 Nb6 12. Rad1 Nc4 13. Bxc4 Bxc4 14. Rf2 b5 15. Nd5 Nxd5 16. exd5 O-O 17. Na5 Bxd5 18. Qxd5 Qxa5 19. Bd2 Qb6 20. Bb4 Rxc2 21. Rdd2 Rc1+ 22. Rd1 Rxd1+ 23. Qxd1 a5 24. Bd2 d5 25. Qe1 Bc5 0-1

[Event "FIDE WCCC Open-10 2024"]
[Site "Montesilvano"]
[Date "2024.11.18"]
[Round "2.18"]
[White "Vukashinovikj, Jovan"]
[Black "Della Penna, Leonardo"]
[Result "0-1"]
[ECO "B52"]
[WhiteElo "1454"]
[BlackElo "1675"]
[PlyCount "70"]
[EventDate "2024.11.18"]
[EventType "swiss"]
[EventCountry "ITA"]
[TimeControl "5400+30"]

1. e4 c5 2. Nf3 d6 3. Bb5+ Bd7 4. Bxd7+ Qxd7 5. O-O Nc6 6. c3 Nf6 7. d4 cxd4 8. cxd4 e5 9. d5 Ne7 10. Nc3 Ng6 11. Ne1 Be7 12. Nd3 O-O 13. f4 exf4 14. Nxf4 Ne5 15. Be3 b5 16. a3 a6 17. b3 Rac8 18. Bd4 a5 19. Qe2 Rb8 20. Nd3 Rfe8 21. Bxe5 dxe5 22. Nxe5 Bc5+ 23. Kh1 Rxe5 24. Qf3 Rbe8 25. Rae1 Bxa3 26. Qd3 Bb4 27. h3 Bxc3 28. Qxc3 Nxe4 29. Qd4 Ng3+ 30. Kg1 Rxe1 31. Rxe1 Rxe1+ 32. Kf2 Rf1+ 33. Kxg3 Qd6+ 34. Kg4 f5+ 35. Kh5 Qh6# 0-1

[Event "FIDE WCCC Open-10 2024"]
[Site "Montesilvano"]
[Date "2024.11.18"]
[Round "2.19"]
[White "Ling, Chenxuan"]
[Black "Nguyen, Huynh Minh Huy"]
[Result "1/2-1/2"]
[ECO "B22"]
[WhiteElo "1967"]
[BlackElo "2423"]
[PlyCount "86"]
[EventDate "2024.11.18"]
[EventType "swiss"]
[EventCountry "ITA"]
[TimeControl "5400+30"]

1. e4 c5 2. c3 Nf6 3. e5 Nd5 4. d4 cxd4 5. cxd4 d6 6. Nf3 Nc6 7. Bc4 e6 8. O-O Be7 9. Qe2 O-O 10. Rd1 Nb6 11. Bb3 Qc7 12. Nc3 a6 13. Qe4 Rd8 14. Bc2 g6 15. Bf4 d5 16. Qe2 Nc4 17. h4 Nxb2 18. Rdc1 Nc4 19. h5 Ba3 20. hxg6 fxg6 21. Bg5 Rf8 22. Bf6 Bxc1 23. Rxc1 b5 24. g3 Qa5 25. Ng5 Ra7 26. Nxh7 Rxh7 27. Bxg6 Qc7 28. Kg2 Rh6 29. Qg4 Rxf6 30. exf6 Kf8 31. Qg5 Rh8 32. Rh1 Rxh1 33. Kxh1 Nd6 34. Qh6+ Kg8 35. Ne2 e5 36. Qg5 Kf8 37. dxe5 Nf7 38. Bxf7 Qxf7 39. Nf4 Qh7+ 40. Kg1 Qb1+ 41. Kh2 Qh7+ 42. Kg1 Qb1+ 43. Kh2 Qh7+ 1/2-1/2

[Event "FIDE WCCC Open-10 2024"]
[Site "Montesilvano"]
[Date "2024.11.18"]
[Round "2.19"]
[White "Golya, David"]
[Black "Loberti, Tommaso"]
[Result "1-0"]
[ECO "C54"]
[WhiteElo "1672"]
[BlackElo "1474"]
[PlyCount "49"]
[EventDate "2024.11.18"]
[EventType "swiss"]
[EventCountry "ITA"]
[TimeControl "5400+30"]

1. e4 e5 2. Nf3 Nc6 3. Bc4 Bc5 4. c3 Nf6 5. d3 h6 6. Nbd2 d6 7. O-O Be6 8. Bxe6 fxe6 9. Qb3 Qc8 10. Nc4 Bb6 11. Be3 Bxe3 12. Nxe3 O-O 13. Rad1 a6 14. Rfe1 Qd7 15. d4 exd4 16. Nxd4 Nxd4 17. Rxd4 Kh8 18. e5 Ne8 19. exd6 Qf7 20. f3 cxd6 21. Nc4 Rd8 22. Qb6 Qe7 23. h3 d5 24. Rxe6 Qd7 25. Ne5 1-0

[Event "FIDE WCCC Open-10 2024"]
[Site "Montesilvano"]
[Date "2024.11.18"]
[Round "2.20"]
[White "Azimov, Yasin"]
[Black "Chakhalov, Mikael"]
[Result "1-0"]
[ECO "E04"]
[WhiteElo "1759"]
[BlackElo "1962"]
[PlyCount "107"]
[EventDate "2024.11.18"]
[EventType "swiss"]
[EventCountry "ITA"]
[TimeControl "5400+30"]

1. d4 d5 2. c4 e6 3. Nf3 Nf6 4. g3 dxc4 5. Bg2 Nc6 6. Qa4 Nd7 7. Qxc4 Nb6 8. Qd3 e5 9. Nxe5 Nb4 10. Qd1 Qxd4 11. Qxd4 Nc2+ 12. Kf1 Nxd4 13. Nc3 Bd6 14. Nd3 c6 15. Bf4 Bxf4 16. Nxf4 Bf5 17. Rd1 O-O-O 18. e3 Ne6 19. Ke2 Nxf4+ 20. gxf4 Bg4+ 21. Bf3 Bxf3+ 22. Kxf3 f5 23. b3 Kc7 24. Ne2 g6 25. Nd4 Rhe8 26. h4 h5 27. Rhg1 Rd6 28. Rg5 a6 29. Rdg1 c5 30. Rc1 Nd7 31. b4 b6 32. Nb3 Rc6 33. bxc5 bxc5 34. Na5 Rf6 35. Rcg1 Ree6 36. Nc4 Kc6 37. Ke2 Kd5 38. Kd3 Re4 39. Rc1 Nb6 40. Ne5 c4+ 41. Kc2 Re6 42. Nxg6 Kc5 43. Rxf5+ Kb4 44. Rb1+ Ka3 45. Ra5+ Na4 46. Ne5 Rd6 47. f3 Rxe5 48. Rxe5 c3 49. Rb3+ Kxa2 50. Rxc3 Nxc3 51. Kxc3 Rc6+ 52. Kb4 Kb2 53. Rxh5 Kc2 54. Rc5+ 1-0

[Event "FIDE WCCC Open-10 2024"]
[Site "Montesilvano"]
[Date "2024.11.18"]
[Round "2.21"]
[White "Zhauynbay, Alimzhan"]
[Black "Kadyr, Aldiyar"]
[Result "1-0"]
[ECO "B38"]
[WhiteElo "1953"]
[BlackElo "1759"]
[PlyCount "83"]
[EventDate "2024.11.18"]
[EventType "swiss"]
[EventCountry "ITA"]
[TimeControl "5400+30"]

1. e4 c5 2. Nf3 Nc6 3. d4 cxd4 4. Nxd4 g6 5. c4 Bg7 6. Be3 Nf6 7. Nc3 O-O 8. Be2 d6 9. O-O Bd7 10. h3 Nxd4 11. Bxd4 Bc6 12. Qc2 a5 13. Rad1 Nd7 14. Bxg7 Kxg7 15. Bg4 Nf6 16. e5 Nxg4 17. hxg4 Qc7 18. exd6 exd6 19. Nd5 Bxd5 20. Rxd5 Rac8 21. b3 Rfe8 22. Qc3+ Kg8 23. Qxa5 Qd7 24. g5 Qe6 25. Rfd1 Rc6 26. Qb4 Qe7 27. Qd2 Qd7 28. Qf4 Re2 29. Rxd6 Rxd6 30. Rxd6 Qc7 31. Rxg6+ fxg6 32. Qxc7 Re1+ 33. Kh2 Ra1 34. Qd8+ Kf7 35. Qf6+ Kg8 36. Qxa1 Kf7 37. Qe5 Kg8 38. Qf6 b6 39. b4 b5 40. cxb5 h5 41. gxh6 g5 42. Qg7# 1-0

[Event "FIDE WCCC Open-10 2024"]
[Site "Montesilvano"]
[Date "2024.11.18"]
[Round "2.21"]
[White "Barsov, Mikhail"]
[Black "McFadden, Oisin"]
[Result "1-0"]
[ECO "A20"]
[WhiteElo "1668"]
[BlackElo "1464"]
[PlyCount "43"]
[EventDate "2024.11.18"]
[EventType "swiss"]
[EventCountry "ITA"]
[TimeControl "5400+30"]

1. c4 e5 2. g3 Nf6 3. Bg2 c6 4. Nf3 e4 5. Nd4 d5 6. cxd5 cxd5 7. d3 Bc5 8. dxe4 dxe4 9. Be3 Ng4 10. O-O Nxe3 11. fxe3 O-O 12. Nc3 f5 13. Qa4 Bd7 14. Qc4+ Kh8 15. Qxc5 Na6 16. Qd5 Rb8 17. a3 Qg5 18. Qxd7 Qxe3+ 19. Kh1 Rfd8 20. Qxf5 Rxd4 21. Qf8+ Rxf8 22. Rxf8# 1-0

[Event "FIDE WCCC Open-10 2024"]
[Site "Montesilvano"]
[Date "2024.11.18"]
[Round "2.22"]
[White "Mikkelsen, Anders Askjaer"]
[Black "Fuentes de Nova, Sebastian"]
[Result "1/2-1/2"]
[ECO "C54"]
[WhiteElo "1745"]
[BlackElo "1929"]
[PlyCount "101"]
[EventDate "2024.11.18"]
[EventType "swiss"]
[EventCountry "ITA"]
[TimeControl "5400+30"]

1. e4 e5 2. Nf3 Nc6 3. Bc4 Bc5 4. c3 Nf6 5. d4 exd4 6. e5 d5 7. Bb5 Ne4 8. cxd4 Bb6 9. h3 Bd7 10. Bxc6 Bxc6 11. O-O O-O 12. Nc3 f6 13. Qb3 Kh8 14. Be3 fxe5 15. Nxe5 a5 16. a4 Nf6 17. Ne2 Nd7 18. f4 Nxe5 19. fxe5 Qh4 20. Nf4 Bxd4 21. Kh2 Bxe5 22. g3 Bxf4 23. Bxf4 Qe7 24. Rfe1 Qd7 25. Re5 Rae8 26. Rae1 Rxe5 27. Rxe5 Re8 28. Qe3 d4 29. Rxe8+ Qxe8 30. Qxe8+ Bxe8 31. Bxc7 Kg8 32. Kg2 Bc6+ 33. Kf2 Kf7 34. Ke2 Bxa4 35. Kd3 Bb5+ 36. Kxd4 a4 37. Kc5 Bd7 38. h4 Ke6 39. Kb6 Bc6 40. Bb8 Kd5 41. Bc7 Kc4 42. Be5 g6 43. Bh8 Bf3 44. Bg7 Kd3 45. Be5 Bc6 46. Bg7 Ke4 47. Bh8 Kf5 48. Bg7 Ke4 49. Bh8 Kf3 50. Be5 Ke4 51. Bh8 1/2-1/2

[Event "FIDE WCCC Open-10 2024"]
[Site "Montesilvano"]
[Date "2024.11.18"]
[Round "2.23"]
[White "Andre, Tomas"]
[Black "Sander, Tino"]
[Result "1-0"]
[ECO "C45"]
[WhiteElo "1928"]
[BlackElo "1736"]
[PlyCount "81"]
[EventDate "2024.11.18"]
[EventType "swiss"]
[EventCountry "ITA"]
[TimeControl "5400+30"]

1. e4 e5 2. Nf3 Nc6 3. d4 exd4 4. Nxd4 Nf6 5. Nxc6 bxc6 6. Nd2 d5 7. exd5 cxd5 8. Bb5+ Bd7 9. Bxd7+ Qxd7 10. O-O Be7 11. b3 O-O 12. Bb2 a5 13. a4 c5 14. Qf3 d4 15. Nc4 Nd5 16. Rad1 Bf6 17. c3 Qc6 18. cxd4 cxd4 19. Bxd4 Bxd4 20. Rxd4 Nb4 21. Nxa5 Qxf3 22. gxf3 Nc2 23. Rd5 Rfe8 24. Nc6 Ne1 25. f4 Ra6 26. Ne7+ Kf8 27. Rxe1 Ra7 28. Rde5 Raxe7 29. Rxe7 Rxe7 30. Rxe7 Kxe7 31. a5 Kd7 32. a6 Kc7 33. b4 Kb6 34. b5 f6 35. f5 g6 36. fxg6 hxg6 37. f4 g5 38. fxg5 fxg5 39. h4 gxh4 40. Kh2 Ka7 41. Kh3 1-0

[Event "FIDE WCCC Open-10 2024"]
[Site "Montesilvano"]
[Date "2024.11.18"]
[Round "2.24"]
[White "Li, Weilong"]
[Black "Larion, Iustin"]
[Result "0-1"]
[ECO "B12"]
[WhiteElo "1735"]
[BlackElo "1925"]
[PlyCount "70"]
[EventDate "2024.11.18"]
[EventType "swiss"]
[EventCountry "ITA"]
[TimeControl "5400+30"]

1. e4 c6 2. d4 d5 3. e5 c5 4. dxc5 e6 5. Nf3 Bxc5 6. Bd3 Ne7 7. O-O Ng6 8. a3 O-O 9. b4 Be7 10. g3 f6 11. Bb2 Nxe5 12. Nxe5 fxe5 13. Bxe5 g6 14. c4 Nc6 15. Bb2 Bf6 16. Ra2 Bxb2 17. Rxb2 Qf6 18. Re2 dxc4 19. Bxc4 b5 20. Ba2 Nd4 21. Re4 Nf3+ 22. Kh1 Bb7 23. Rf4 Qe5 24. Qd7 Rxf4 25. Qxb7 Raf8 26. Qd7 R4f6 27. Qd1 Qh5 28. h4 Qg4 29. Kg2 Nxh4+ 30. Kg1 Nf3+ 31. Kg2 Qe4 32. Kh3 Rf5 33. g4 Rh5+ 34. gxh5 Qh4+ 35. Kg2 Qh2# 0-1

[Event "FIDE WCCC Open-10 2024"]
[Site "Montesilvano"]
[Date "2024.11.18"]
[Round "2.25"]
[White "Ejsymont, Eryk"]
[Black "Vardanyan, Armen Art."]
[Result "0-1"]
[ECO "B12"]
[WhiteElo "1910"]
[BlackElo "1735"]
[PlyCount "128"]
[EventDate "2024.11.18"]
[EventType "swiss"]
[EventCountry "ITA"]
[TimeControl "5400+30"]

1. e4 c6 2. d4 d5 3. e5 Bf5 4. h4 h5 5. Bd3 Bxd3 6. Qxd3 e6 7. Bg5 Qb6 8. Nd2 Ne7 9. Ngf3 Nf5 10. O-O c5 11. c4 Qa6 12. Qb3 dxc4 13. Nxc4 cxd4 14. a4 Bc5 15. Nfd2 O-O 16. Ne4 Qc6 17. Qf3 Bb4 18. Rac1 Qd5 19. g4 hxg4 20. Qxg4 Nd7 21. Bf6 Be7 22. Rfd1 Bxf6 23. exf6 g6 24. h5 Nh6 25. Qh4 Qxh5 26. Qxh5 gxh5 27. Rxd4 Nb6 28. Nxb6 axb6 29. Ng3 Kh7 30. Rh4 Rac8 31. Re1 Rc5 32. b4 Rg5 33. Rd1 Kg6 34. Kh2 Nf5 35. Rc4 b5 36. Rc7 Nxg3 37. fxg3 bxa4 38. Rxb7 Rd5 39. Rxd5 exd5 40. Ra7 Kxf6 41. Rxa4 Rb8 42. Ra5 Ke5 43. Ra7 f5 44. Re7+ Kd6 45. Rh7 Rxb4 46. Rxh5 Ke5 47. Rh8 Rb2+ 48. Kh3 Ke4 49. Rh4+ Ke3 50. Rh8 d4 51. Re8+ Kd3 52. Ra8 Rb5 53. Kg2 Ke4 54. Re8+ Re5 55. Rd8 d3 56. Kf2 Rd5 57. Re8+ Kd4 58. Rc8 Rc5 59. Rd8+ Kc3 60. Ke1 Kc2 61. Kf2 d2 62. Ke3 d1=Q 63. Rxd1 Kxd1 64. Kf2 Rc3 0-1

[Event "FIDE WCCC Open-10 2024"]
[Site "Montesilvano"]
[Date "2024.11.18"]
[Round "2.25"]
[White "Grimm, Jakob"]
[Black "Lin, Julian M"]
[Result "1-0"]
[ECO "C50"]
[WhiteElo "1646"]
[BlackElo "2017"]
[PlyCount "60"]
[EventDate "2024.11.18"]
[EventType "swiss"]
[EventCountry "ITA"]
[TimeControl "5400+30"]

1. e4 e5 2. Nf3 Nc6 3. Bc4 b6 4. d3 Nf6 5. Nc3 d6 6. Ng5 Bg4 7. Bxf7+ Kd7 8. f3 h6 9. fxg4 hxg5 10. Nd5 Nxd5 11. Bxd5 Nb4 12. Bxa8 Qxa8 13. c3 Nd5 14. exd5 Qxd5 15. Qf3 Qe6 16. Qf5 Be7 17. Qxe6+ Kxe6 18. Be3 c5 19. O-O-O d5 20. d4 e4 21. dxc5 bxc5 22. Rd2 d4 23. cxd4 cxd4 24. Bxd4 Bb4 25. Bc3 Bd6 26. Bxg7 Rxh2 27. Rxd6+ Kxd6 28. Rxh2 Kd5 29. Kd2 Kc4 30. Rh5 Kd5 1-0

[Event "FIDE WCCC Open-10 2024"]
[Site "Montesilvano"]
[Date "2024.11.18"]
[Round "2.26"]
[White "Babeikin, Kiryl"]
[Black "Mutyalapati, Modith Aaroh"]
[Result "1-0"]
[ECO "C06"]
[WhiteElo "1721"]
[BlackElo "1893"]
[PlyCount "111"]
[EventDate "2024.11.18"]
[EventType "swiss"]
[EventCountry "ITA"]
[TimeControl "5400+30"]

1. e4 e6 2. d4 d5 3. Nd2 Nf6 4. e5 Nfd7 5. Bd3 c5 6. c3 Nc6 7. Ne2 cxd4 8. cxd4 f6 9. exf6 Nxf6 10. O-O Bd6 11. Nf3 O-O 12. Bf4 Bxf4 13. Nxf4 Qd6 14. Ne2 Bd7 15. Ng3 Be8 16. Re1 h6 17. Qe2 Bf7 18. Qe3 Ng4 19. Qe2 Qf4 20. h3 Nf6 21. Rad1 Rae8 22. Bb1 Bh5 23. Nxh5 Nxh5 24. Bg6 Nf6 25. Bxe8 Rxe8 26. Qe3 Qd6 27. Ne5 Ne7 28. Ng4 Ne4 29. f3 Nf5 30. Qa3 Qxa3 31. bxa3 Nc3 32. Rd3 Nb5 33. Ne3 Nxe3 34. Rexe3 Kf7 35. a4 Nd6 36. Rb3 b6 37. Rbc3 Nc4 38. Re1 Ke7 39. f4 Rf8 40. Rg3 Rxf4 41. Rxg7+ Kf6 42. Rh7 Rh4 43. Kh2 Nd2 44. Re2 Nf1+ 45. Kg1 Ng3 46. Rf2+ Nf5 47. g4 Kg6 48. Rd7 Ne3 49. Rf3 Nxg4 50. Rg3 Kf5 51. hxg4+ Kf4 52. Kg2 Rxg4 53. Rxg4+ Kxg4 54. Rxa7 Kf4 55. Rb7 Ke4 56. Rxb6 1-0